 Dungeon Crawl Stone Soup version 0.22-a0-410-g97be04f (webtiles) character file.

106 galech the Skirmisher (level 4, -1/41 HPs)
             Began as a Gnoll Wanderer on May 11, 2018.
             Slain by an ogre
             ... wielding a cursed -3 giant club
              (8 damage)
             ... on level 3 of the Dungeon.
             The game lasted 00:03:06 (2486 turns).

galech the Skirmisher (Gnoll Wanderer)              Turns: 2486, Time: 00:03:06

Health: -1/41      AC:  9    Str: 14    XL:     4   Next: 84%
Magic:  5/5        EV:  9    Int: 15    God:
Gold:   105        SH:  0    Dex: 15    Spells: 5/5 levels left

rFire    . . .     SeeInvis .   b - +0 hand axe
rCold    . . .     Gourm    .   (no shield)
rNeg     . . .     Faith    .   a - +2 scale mail
rPois    .         Spirit   .   (no helmet)
rElec    .         Reflect  .   (no cloak)
rCorr    .         Harm     .   (no gloves)
MR       +....                  (no boots)
Stlth    ..........             (no amulet)
HPRegen  0.13/turn              l - ring of protection from magic
MPRegen  0.09/turn              (no ring)

@: no status effects
A: distributed training, fangs 1, strong nose
a: no special abilities


You were on level 3 of the Dungeon.
You were not hungry.

You visited 1 branch of the dungeon, and saw 3 of its levels.

You collected 105 gold pieces.

Inventory:

Hand Weapons
 b - a +0 hand axe (weapon)
 c - a +0 shortbow
Missiles
 d - 75 arrows
Armour
 a - a +2 scale mail (worn)
Jewellery
 l - a ring of protection from magic (left hand)
Scrolls
 j - 2 scrolls of remove curse {unknown}
 k - a scroll of identify {unknown}
 m - a scroll of teleportation {unknown}
 o - a scroll of enchant weapon {unknown}
 p - a scroll of enchant armour {unknown}
 q - a scroll of blinking {unknown}
Potions
 e - a potion of lignification {unknown}
 h - a potion of flight
 i - a potion of haste {unknown}
 n - a potion of heal wounds {unknown}
Comestibles
 f - 3 rations
 g - 6 chunks of flesh


   Skills:
 + Level 6.6 Fighting
 + Level 1.2 Short Blades
 + Level 1.2 Long Blades
 + Level 2.8 Axes
 + Level 1.2 Maces & Flails
 + Level 1.2 Polearms
 + Level 1.2 Staves
 + Level 1.2 Slings
 + Level 4.7 Bows
 + Level 1.2 Crossbows
 + Level 2.8 Throwing
 + Level 4.7 Armour
 + Level 1.2 Dodging
 + Level 1.2 Stealth
 + Level 2.8 Shields
 + Level 1.2 Unarmed Combat
 + Level 1.2 Spellcasting
 + Level 1.0 Conjurations
 + Level 1.0 Hexes
 + Level 1.0 Charms
 + Level 1.0 Summonings
 + Level 1.0 Necromancy
 + Level 1.0 Translocations
 + Level 1.0 Transmutations
 + Level 1.0 Fire Magic
 + Level 1.0 Ice Magic
 + Level 1.0 Air Magic
 + Level 1.0 Earth Magic
 + Level 1.0 Poison Magic
 + Level 1.3 Invocations
 + Level 1.2 Evocations


You had 5 spell levels left.
You didn't know any spells.

Dungeon Overview and Level Annotations

Branches:
Dungeon (3/15)

Altars:
Cheibriados
Dithmenos
Fedhas
Nemelex Xobeh
Trog
Uskayaw

Annotations:
D:3 mortelune's ghost, amateur DECj


Innate Abilities, Weirdness & Mutations

Your experience applies equally to all skills.
You have very sharp teeth.
Your uncanny sense of smell can sniff out nearby items.


Message History

You are too injured to fight recklessly!
You are too injured to fight recklessly!
You are too injured to fight recklessly!
You are too injured to fight recklessly!
You are too injured to fight recklessly!
You are too injured to fight recklessly!
You are too injured to fight recklessly!
You are too injured to fight recklessly!
You are too injured to fight recklessly!
You are too injured to fight recklessly!
You are too injured to fight recklessly!
You hit the ogre but do no damage.
The ogre is severely wounded.
The ogre barely misses you.
You hit the ogre.
The ogre is severely wounded.
You hit the ogre.
The ogre is almost dead.
The ogre hits you with a giant club!
You die...

.#######. # #...
.. #.# #.#. #..#
.. ..#
#.#.#######..# ..
..#
#............###
... #.#
#.............
..# #...........#
..##
#......O....#
....
#.....@.....# #..
#...........##
....
#.......##†..#
#.##
#.......##...# .
.....>.....##...#
#.
######.....##...#
# #.....##...#
#.....##...# ###
#.....###.##


You could see an ogre.

Vanquished Creatures
  5 adders
  2 worms
  An orc (D:3)
  A ball python (D:2)
  6 giant cockroaches
  3 goblins
  7 hobgoblins
  5 jackals (D:3)
  4 kobolds
  A quokka (D:3)
  6 bats
  7 frilled lizards
  5 rats
53 creatures vanquished.

Notes
Turn   | Place    | Note
-------+----------+-------------------------------------------
     0 | D:1      | galech the Gnoll Wanderer began the quest for the Orb.
     0 | D:1      | galech set off with: a +2 scale mail, a +0 hand axe, a +0 shortbow, 26 arrows, a ration
     0 | D:1      | Reached XP level 1. HP: 23/23 MP: 1/1
   163 | D:1      | Reached XP level 2. HP: 29/29 MP: 2/2
   495 | D:2      | Reached XP level 3. HP: 23/35 MP: 3/3
   688 | D:2      | Found a shadowy altar of Dithmenos.
   701 | D:2      | Reached skill level 1 in Invocations
   904 | D:2      | Found a sparkling altar of Nemelex Xobeh.
   927 | D:2      | Reached skill level 1 in Short Blades
   927 | D:2      | Reached skill level 1 in Long Blades
   927 | D:2      | Reached skill level 1 in Maces & Flails
   927 | D:2      | Reached skill level 1 in Polearms
   927 | D:2      | Reached skill level 1 in Staves
   927 | D:2      | Reached skill level 1 in Slings
   927 | D:2      | Reached skill level 1 in Crossbows
   927 | D:2      | Reached skill level 1 in Dodging
   927 | D:2      | Reached skill level 1 in Stealth
   927 | D:2      | Reached skill level 1 in Unarmed Combat
   927 | D:2      | Reached skill level 1 in Spellcasting
   927 | D:2      | Reached skill level 1 in Evocations
   989 | D:2      | Reached XP level 4. HP: 38/41 MP: 5/5
  1172 | D:2      | Found a blossoming altar of Fedhas.
  1281 | D:2      | Found a hide-covered altar of Uskayaw.
  1285 | D:2      | Found a bloodstained altar of Trog.
  1294 | D:2      | Found a snail-covered altar of Cheibriados.
  1367 | D:3      | Noticed mortelune's ghost (amateur DECj)
  2242 | D:3      | Reached skill level 1 in Conjurations
  2242 | D:3      | Reached skill level 1 in Hexes
  2242 | D:3      | Reached skill level 1 in Charms
  2242 | D:3      | Reached skill level 1 in Summonings
  2242 | D:3      | Reached skill level 1 in Necromancy
  2242 | D:3      | Reached skill level 1 in Translocations
  2242 | D:3      | Reached skill level 1 in Transmutations
  2242 | D:3      | Reached skill level 1 in Fire Magic
  2242 | D:3      | Reached skill level 1 in Ice Magic
  2242 | D:3      | Reached skill level 1 in Air Magic
  2242 | D:3      | Reached skill level 1 in Earth Magic
  2242 | D:3      | Reached skill level 1 in Poison Magic
  2472 | D:3      | Noticed an ogre
  2486 | D:3      | Slain by an ogre

Vault maps used:
D:1:      minmay_arrival_four_houses, st_stairs_5
D:2:      lemuel_coloured_pillars_altar, nicolae_dithmenos_shadow_blocks,
          minmay_overflow_temple_star_quad, nemelex_xobeh_ov_fountains_minmay
D:3:      columned_hall_lemuel, kennysheep_generic_room_14

Skill      XL: |  1  2  3  4 |
---------------+-------------+-----
Invocations    | 1 |  1.3
Short Blades   | 1 |  1.2
Long Blades    | 1 |  1.2
Maces & Flails | 1 |  1.2
Polearms       | 1 |  1.2
Staves         | 1 |  1.2
Slings         | 1 |  1.2
Crossbows      | 1 |  1.2
Dodging        | 1 |  1.2
Stealth        | 1 |  1.2
Unarmed Combat | 1 |  1.2
Spellcasting   | 1 |  1.2
Evocations     | 1 |  1.2
Conjurations   | 1 |  1.0
Hexes          | 1 |  1.0
Charms         | 1 |  1.0
Summonings     | 1 |  1.0
Necromancy     | 1 |  1.0
Translocations | 1 |  1.0
Transmutations | 1 |  1.0
Fire Magic     | 1 |  1.0
Ice Magic      | 1 |  1.0
Air Magic      | 1 |  1.0
Earth Magic    | 1 |  1.0
Poison Magic   | 1 |  1.0
Fighting       | |  6.6
Axes           | |  2.8
Bows           | |  4.7
Throwing       | |  2.8
Armour         | |  4.7
Shields        | |  2.8

Action                   |  1- 3 |  4- 6 || total
-------------------------+-------+-------++-------
Melee: Hand axe          |   124 |    98 ||   222
       Bite              |     7 |     7 ||    14
  Use: Potion            |       |     1 ||     1
  Eat: Chunk             |       |     5 ||     5
Armor: Scale mail        |    90 |    54 ||   144
Dodge: Dodged            |    92 |    70 ||   162

Table legend:
 A = Spawn XP
 B = Non-spawn XP
 C = Spawn XP percentage of total XP
 D = Spawn monster count
 E = Non-spawn monster count
 F = Spawn count percentage of total count
 G = Total turns spent on level
                    A         B        C        D         E        F      G
               +---------+---------+-------+---------+---------+-------+---------
         Total |       0 |     152 |   0.0 |       0 |      53 |   0.0 |  2486
               +---------+---------+-------+---------+---------+-------+---------
           D:1 |       0 |      26 |   0.0 |       0 |      18 |   0.0 |   462
           D:2 |       0 |      83 |   0.0 |       0 |      20 |   0.0 |  1601
           D:3 |       0 |      43 |   0.0 |       0 |      15 |   0.0 |   423
               +---------+---------+-------+---------+---------+-------+---------
